AoeStats
← Carmelo maradona

Lombardia

510010659Analyzed
4v4 RM · 2d ago on Sep 29, 2026· 51m 18s· 8 players
Game mode
Random Map
Map size
Large (8 player)
Population
200
Speed
Normal
Resources
Standard
Victory
Conquest
Starting age
Dark Age
Ending age
Imperial Age
RankedLock teamsTeams togetherTeam positionsShared explorationLock speedFull tech treeHidden civsTurbo modeCheats
Victory
Defeat
🇲🇽 Vietnamese · Mexico
1582
+9
🇲🇽 Mongols · Mexico
1417
+15
🇵🇪 Huns · Peru
1369
+17
🇨🇴 Turks · Colombia
1267
+21
🇨🇴 Lithuanians · Colombia
1463
-18
🇨🇴 Ethiopians · Colombia
1453
-18
🇵🇪 Varangians · Peru
1424
-17
🇨🇴 Spanish · Colombia
1237
-9
MZTK | Tormenta
7:15 Loom
10:05 Feudal Age
11:16 Double-Bit Axe
17:21 Wheelbarrow
23:34 Castle Age
33:24 Horse Collar
34:05 Bow Saw
34:31 Gold Mining
35:11 Hand Cart
35:17 Heavy Plow
40:49 Imperial Age
39:00 Fortified Wall
38:59 Scale Barding Armor
40:19 Bloodlines
40:23 Forging
40:33 Chain Barding Armor
42:04 Iron Casting
41:33 Husbandry
42:41 Plate Barding Armor
43:47 Ballistics
45:24 Two-Man Saw
45:59 Blast Furnace
46:03 Caravan
46:19 Treadmill Crane
48:21 Gold Shaft Mining
49:05 Conscription
48:49 Artillery
eL|Hooligan
11:20 Feudal Age
15:24 Castle Age
13:53 Double-Bit Axe
15:34 Wheelbarrow
14:40 Horse Collar
16:51 Bow Saw
16:33 Loom
16:48 Heavy Plow
24:00 Husbandry
29:50 Hand Cart
29:21 Town Watch
29:36 Gold Mining
29:37 Stone Mining
30:09 Scale Barding Armor
31:59 Chain Barding Armor
31:50 Forging
31:52 Bloodlines
36:28 Imperial Age
34:35 Iron Casting
34:27 Treadmill Crane
34:51 Chatras
35:23 Fletching
36:28 Herbal Medicine
36:34 Elite Battle Elephant
37:36 Paper Money
37:52 Hoardings
37:13 Bodkin Arrow
37:54 Plate Barding Armor
38:20 Chemistry
37:26 Siege Engineers
37:17 Murder Holes
41:04 Two-Man Saw
40:35 Crop Rotation
41:00 Ballistics
40:51 Masonry
40:50 Devotion
41:25 Caravan
41:38 Guilds
48:50 Stone Shaft Mining
50:01 Bracer
51:12 Fortified Wall
aq.gjoel
2:57 Loom
13:17 Feudal Age
20:21 Castle Age
19:33 Double-Bit Axe
22:04 Bow Saw
24:21 Forging
24:51 Town Watch
29:01 Horse Collar
30:02 Heavy Plow
34:50 Imperial Age
32:49 Gold Mining
33:41 Wheelbarrow
33:56 Scale Barding Armor
34:30 Gold Shaft Mining
35:12 Iron Casting
35:18 Hand Cart
35:29 Bloodlines
35:20 Husbandry
35:51 Chain Barding Armor
35:24 Cavalier
36:40 Fletching
38:07 Plate Barding Armor
39:03 Blast Furnace
39:04 Conscription
39:00 Town Patrol
39:14 Bodkin Arrow
40:19 Paladin
40:20 Light Cavalry
41:35 Thumb Ring
41:55 Parthian Tactics
41:43 Bracer
41:44 Padded Archer Armor
42:53 Two-Man Saw
43:08 Caravan
43:48 Leather Archer Armor
43:01 Heavy Cavalry Archer
44:15 Hussar
50:30 Ballistics
51:11 Chemistry
MZTK | V
5:13 Loom
7:18 Feudal Age
20:02 Castle Age
18:23 Double-Bit Axe
18:18 Horse Collar
21:32 Stone Mining
22:32 Bow Saw
28:25 Wheelbarrow
28:08 Fletching
28:48 Bodkin Arrow
34:24 Imperial Age
32:12 Padded Archer Armor
32:47 Bloodlines
32:37 Husbandry
34:00 Ballistics
33:49 Thumb Ring
35:45 Bracer
36:12 Parthian Tactics
38:53 Chemistry
37:19 Onager
38:25 Drill
38:51 Leather Archer Armor
41:26 Elite Mangudai
42:52 Siege Onager
44:09 Capped Ram
45:59 Siege Ram
Carmelo maradona
6:24 Loom
8:51 Feudal Age
19:42 Castle Age
21:59 Scale Barding Armor
26:06 Wheelbarrow
25:46 Double-Bit Axe
28:54 Hand Cart
29:51 Horse Collar
34:04 Imperial Age
31:41 Husbandry
31:51 Bloodlines
32:11 Chain Barding Armor
32:06 Heavy Plow
32:06 Town Watch
32:55 Forging
35:46 Plate Barding Armor
35:58 Conscription
36:04 Elite Leitis
38:02 Iron Casting
45:34 Cavalier
47:45 Paladin
50:03 Gold Mining
JAGR | DesNoguns
6:33 Loom
9:19 Feudal Age
9:51 Double-Bit Axe
11:46 Fletching
20:34 Castle Age
19:03 Gold Mining
18:59 Horse Collar
21:11 Bodkin Arrow
20:37 Crossbowman
21:40 Town Watch
22:35 Wheelbarrow
22:26 Town Watch
24:22 Gold Mining
27:34 Bow Saw
34:32 Imperial Age
32:32 Thumb Ring
32:58 Padded Archer Armor
33:57 Ballistics
35:18 Bracer
36:21 Chemistry
35:24 Arbalester
38:48 Conscription
38:14 Halberdier
38:54 Squires
38:55 Scale Mail Armor
39:22 Hand Cart
41:30 Chain Mail Armor
41:26 Forging
46:10 Plate Mail Armor
47:41 Iron Casting
48:33 Arson
JAGR | HIPERYON
9:25 Loom
11:10 Feudal Age
15:27 Castle Age
16:18 Town Watch
21:56 Double-Bit Axe
21:54 Horse Collar
25:16 Wheelbarrow
29:44 Bow Saw
31:55 Hand Cart
31:41 Town Patrol
31:39 Stone Mining
31:40 Gold Mining
35:12 Imperial Age
37:49 Padded Archer Armor
37:37 Elite Conquistador
38:38 Conscription
38:22 Husbandry
38:33 Bloodlines
46:29 Leather Archer Armor
JAGR | BkB
5:45 Loom
8:25 Feudal Age
9:08 Double-Bit Axe
20:07 Castle Age
19:15 Scale Barding Armor
19:22 Horse Collar
20:35 Bloodlines
22:17 Chain Barding Armor
23:06 Husbandry
30:45 Wheelbarrow
31:15 Fervor
32:45 Squires
32:31 Gambesons
34:57 Scale Mail Armor
35:08 Forging
37:25 Chain Mail Armor
39:45 Hand Cart
49:02 Imperial Age
50:26 Plate Mail Armor
Connection lost

Rejoining the realm…

Still unreachable

The connection could not be restored.

Session expired

The server has moved on; the page needs a fresh start.